 Dungeon Crawl Stone Soup version 0.29.1-1-gd02db6906a (webtiles) character file.

Game seed: 17985717048547512696

49 whatisthis the Poker (level 3, -3/37 HPs)
             Began as an Ogre Gladiator on Oct 13, 2022.
             Slain by an ogre
             ... wielding a +0 giant spiked club
              (29 damage)
             ... on level 4 of the Dungeon.
             The game lasted 00:10:06 (2261 turns).

whatisthis the Poker (Ogre Gladiator)               Turns: 2261, Time: 00:10:06

Health: -3/37      AC:  3    Str: 20    XL:     3   Next: 77%
Magic:  3/3        EV: 10    Int:  9    God:
Gold:   116        SH:  0    Dex: 10    Spells: 2/2 levels left

rFire   . . .      SeeInvis .   a - +0 trident
rCold   . . .      Faith    .   (no shield)
rNeg    + . .      Spirit   .   b - +0 robe
rPois   .          Reflect  .   c - +0 hat
rElec   .          Harm     .   (no cloak)
rCorr   .          Rampage  .   (gloves unavailable)
Will    .....                   (boots unavailable)
Stlth   +.........              (no amulet)
HPRegen 0.12/turn               i - ring of positive energy
MPRegen 0.08/turn               (no ring)

@: no status effects
A: large, unfitting armour, tough skin 1
a: no special abilities


You were on level 4 of the Dungeon.
You visited 1 branch of the dungeon, and saw 3 of its levels.

You collected 116 gold pieces.

Inventory:

Hand Weapons
 a - a +0 trident (weapon)
Missiles
 d - 3 throwing nets
 e - a large rock
 m - 4 stones (quivered)
Armour
 b - a +0 robe (worn)
 c - a +0 hat (worn)
Jewellery
 i - a ring of positive energy (left hand)
Scrolls
 f - 2 scrolls of poison {unknown}
 g - 2 scrolls of teleportation {unknown}
 h - 2 scrolls of immolation {unknown}
 k - a scroll of identify {unknown}
Potions
 j - a potion of haste {unknown}
 l - a potion of might {unknown}


   Skills:
 + Level 3.1 Fighting
 + Level 3.7 Polearms
 + Level 2.2 Throwing
 + Level 3.2 Dodging
 + Level 0.1 Stealth


You had 2 spell levels left.
You didn't know any spells.
Your spell library was empty.

Dungeon Overview and Level Annotations

Branches:
Dungeon (2/15)

Altars:


Innate Abilities, Weirdness & Mutations

You are too large for most types of armour.
You have tough skin. (AC +1)


Message History

You hit the hobgoblin.
The hobgoblin is almost dead.
The hobgoblin closely misses you.
You hit the hobgoblin.
You kill the hobgoblin!
An endoplasm comes into view.
The endoplasm quivers.
Found 7 gold pieces.
Reach: a) +0 trident
Press: ? - help, Dir - move target, f - endoplasm
Aim: an endoplasm (about 15% to evade your +0 trident)
You reach to attack!
You hit the endoplasm.
The endoplasm is heavily wounded.
You hit the endoplasm.
The endoplasm is severely wounded.
The endoplasm freezes you.
You are frozen.
The endoplasm freezes you.
You are frozen.
You hit the endoplasm.
You kill the endoplasm!
You now have 116 gold pieces (gained 7).
An orc wizard comes into view. It is wielding a +0 dagger.
The orc wizard points at you and mumbles some strange words.
The magic dart hits you.
The orc wizard gestures wildly while chanting.
The orc wizard flickers and vanishes!
Deactivating autopickup; reactivate with Ctrl-A.
An ogre comes into view. It is wielding a +0 giant spiked club.
Something hits you.
The ogre shouts!
Something hits you. Something hits you. Something hits you.
A magic dart appears from out of thin air!
The magic dart hits you. The ogre attacks as you move away!
The ogre hits you with a +0 giant spiked club!!
Ouch! That really hurt!
You die...

.####........# #.#
#[.########... ##
##.......# #.# #.##
#..# #
##......###.###.# #...
# ##...#.##...##.##
##..
#########'##.##...##..#
###
.......##.##.##...##..#
.#####.##.##.##...##..#
.#####.##.##.##...##..#
.)..##.#...#....@O....#
.##.........#########.#
.#####.#...##########.#
.#####.##.............#
.......##..############
#########.## #.# #.#
#.#


You could see an ogre.

Vanquished Creatures
  An adder (D:2)
  A worm (D:2)
  3 dart slugs
  2 ball pythons
  4 endoplasms
  3 goblins
  3 hobgoblins
  3 jackals (D:2)
  4 bats
  2 kobolds
  4 rats
30 creatures vanquished.

Vanquished Creatures (others)
  A plant (D:1)
1 creature vanquished.

Grand Total: 31 creatures vanquished

Notes
Turn   | Place    | Note
-------+----------+-------------------------------------------
     0 | D:1      | whatisthis the Ogre Gladiator began the quest for the Orb.
     0 | D:1      | Reached XP level 1. HP: 22/22 MP: 1/1
   155 | D:1      | Reached XP level 2. HP: 21/29 MP: 2/2
  1391 | D:2      | Reached XP level 3. HP: 35/36 MP: 3/3
  2061 | D:2      | You fall into a shaft and drop 2 floors!
  2252 | D:4      | Noticed an ogre
  2261 | D:4      | Slain by an ogre

Illustrated notes

Levels and vault maps discovered:
D:1:      tarquinn_simple_flora_water_c, layout_basic, minmay_misc_feat_doors
D:2:      layout_loops_corners
D:4:      layout_loops_corners, lemuel_coloured_pillars_altar, chequers_jeans

Skill      XL: |  1  2  3 |
---------------+----------+-----
Dodging        | 3 |  3.2
Fighting       | 3 |  3.1
Polearms       | |  3.7
Throwing       | |  2.2
Stealth        | |  0.1

Action                   || total
-------------------------++-------
Melee: Trident           ||    89
       Punch             ||     1
Throw: Stone             ||     6
       Large rock        ||     1
 Stab: Sleeping          ||     1
Armor: Robe              ||    16
Dodge: Dodged            ||    40
